 Dungeon Crawl Stone Soup version 0.29.1-14-g9c671dbff4 (webtiles) character file.

Game seed: 15108084017459925672

26 EndlessMike the Chiller (level 2, -6/22 HPs)
             Began as a Vampire Ice Elementalist on Feb 19, 2023.
             Killed from afar by Natasha (9 damage)
             ... with a magic dart
             ... on level 2 of the Dungeon.
             The game lasted 00:01:38 (992 turns).

EndlessMike the Chiller (Vampire Ice Elementalist)   Turns: 992, Time: 00:01:39

Health: -6/22      AC:  3    Str:  7    XL:     2   Next: 89%
Magic:  5/5        EV: 12    Int: 17    God:
Gold:   58         SH:  0    Dex: 14    Spells: 4/5 levels left

rFire   . . .      SeeInvis +   (no weapon)
rCold   . . .      Faith    .   (no shield)
rNeg    . . .      Spirit   .   a - +0 robe
rPois   .          Reflect  .   (no helmet)
rElec   .          Harm     .   (no cloak)
rCorr   .          Rampage  .   g - +0 pair of gloves
Will    .....                   (no boots)
Stlth   ++........              (no amulet)
HPRegen 0.27/turn               (no ring)
MPRegen 0.09/turn               (no ring)

@: healing quickly, slowed, very slow
A: alive, fangs 3, see invisible, vampiric 1
a: Exsanguinate


You were on level 2 of the Dungeon.
You visited 1 branch of the dungeon, and saw 2 of its levels.

You collected 58 gold pieces.

Inventory:

Armour
 a - a +0 robe (worn)
 g - a +0 pair of gloves (worn)
Jewellery
 f - an amulet of reflection
Scrolls
 c - a scroll of amnesia {unknown}
 e - a scroll of enchant armour {unknown}
Potions
 b - a potion of magic
 d - 2 potions of degeneration {unknown}
 h - 4 potions of curing {unknown}


   Skills:
 + Level 1.7 Fighting
 - Level 2.1 Dodging
 - Level 3.0 Stealth
 - Level 2.0 Spellcasting
 + Level 4.4 Ice Magic


You had 4 spell levels left.
You knew the following spells:

 Your Spells              Type           Power      Damage    Failure   Level
z - Freeze                Ice            64%        1d8       3%          1

Your spell library contained the following spells:

 Spells                   Type           Power      Damage    Failure   Level
 Frozen Ramparts          Ice            32%        1d5       10%         3
 Ozocubu's Armour         Ice            16%        N/A       10%         3
 Summon Small Mammal      Summ           4%         N/A       19%         1
 Call Canine Familiar     Summ           1%         N/A       50%         3
 Conjure Flame            Conj/Fire      1%         6-21      50%         3
 Ignite Poison            Fire/Tmut/Pois 1%         N/A       50%         3
 Summon Guardian Golem    Hex/Summ       1%         N/A       50%         3
 Hailstorm                Conj/Ice       9%         3d4       61%         4
 Sticky Flame             Conj/Fire      1%         2d3       88%         4


Dungeon Overview and Level Annotations

Branches:
Dungeon (2/15)

Altars:

Annotations:
D:2 Natasha


Innate Abilities, Weirdness & Mutations

Your natural rate of healing is accelerated.
You have razor-sharp teeth.
You have supernaturally acute eyesight. (SInv)
You are afflicted with vampirism.


Message History

Done exploring.
You see here 2 poisoned darts.
Things that are here:
a +0 dagger; 5 stones
There is a stone staircase leading down here.
You climb downwards.
There is a stone staircase leading up here.
A kobold comes into view. It is wielding a +0 whip.
The kobold shouts!
You barely miss the kobold. You bite the kobold, but do no damage.
The kobold barely misses you.
Casting: Freeze (safe; 3% risk of failure)
Confirm with . or Enter, or press ? or * to list all spells.
Aiming: Freeze (safe; 3% risk of failure)
Press: ? - help, Shift-Dir - straight line, f - kobold
Aim: a kobold, wielding a +0 whip and quivering stones You freeze the kobold!
You kill the kobold!
Magic restored.
Things that are here:
a +0 whip; a stone Natasha, Servant of Life and Death comes into view.
Found a book of Necromancy.
Natasha hisses angrily.
Natasha casts a spell at you. The magic dart hits you!
Natasha is nearby!
Natasha casts a spell at you.
You feel yourself slow down.
Natasha mumbles some strange words.
Natasha casts a spell at you. You resist with significant effort.
Natasha growls.
Natasha stares at you and mumbles some strange words.
The magic dart hits you!
Ouch! That really hurt!
* * * LOW HITPOINT WARNING * * *
Natasha casts a spell at you. The magic dart hits you!
You die...

#......... ...
.....#... ...
#......####.#
#........##.########.#
#..##.##..#.##.......#
h..##..#.##)#######
###.#..h#..........#
..#.#....#.#####.#
###.....@#.#
#####..#.# #.....
#..#.. #..#.#.#
#..###.. #..# ...#


You could see Natasha.

Vanquished Creatures
  A dart slug (D:1)
  A ball python (D:1)
  2 bats (D:1)
  5 goblins (D:1)
  2 hobgoblins (D:1)
  A quokka (D:1)
  3 frilled lizards (D:1)
  4 kobolds
  4 rats (D:1)
23 creatures vanquished.

Notes
Turn   | Place    | Note
-------+----------+-------------------------------------------
     0 | D:1      | EndlessMike the Vampire Ice Elementalist began the quest
                  | for the Orb.
     0 | D:1      | Reached XP level 1. HP: 13/13 MP: 3/3
   158 | D:1      | Reached skill level 1 in Fighting
   257 | D:1      | Reached XP level 2. HP: 20/21 MP: 3/5
   984 | D:2      | Noticed Natasha
   992 | D:2      | Killed from afar by Natasha

Illustrated notes

Levels and vault maps discovered:
D:1:      lemuel_arrival_broad_hall, layout_loops_ring
D:2:      layout_basic, shapermc_ecumenical_altar_petra, uniq_natasha,
          uniq_jessica

Skill      XL: |  1 |
---------------+----+-----
Fighting       | 1 |  1.7
Dodging        | |  2.1
Stealth        | |  3.0
Spellcasting   | |  2.0
Ice Magic      | |  4.4

Action                   || total
-------------------------++-------
Melee: Unarmed           ||    26
       Bite              ||     4
       Punch             ||     1
 Cast: Freeze            ||    26
 Stab: Sleeping          ||     4
Armor: Robe              ||     9
Dodge: Dodged            ||    19
